General information
			
			
        
        - name: BNet
 
        - type: Ladder team game (AT/RT)
 
        - host: Battle.net
 
        - saver: timg4strok
 
        
map: UpperKingdom 
        - players: 6
 
        - length: 09:23
 
        - speed: Fast
 - version: 1.22 W3XP
 - replay type:  

 
» download(97 KB)
Players
        team 1 (winner) 
              
              
Mata. (
red | 178 APM | 1666 actions | 09:22)
              
 3 Archmage 
 2 Summon Water Elemental
 1 Brilliance Aura
 1 Mountain King 
 1 Storm Bolt
 
                » actions 
                
                | Assign group hotkey | 148 |  | 
| Build / train | 65 |  | 
| Enter build submenu | 27 |  | 
| Enter hero's abilities submenu | 4 |  | 
| Right click | 790 |  | 
| Select / deselect | 343 |  | 
| Select group hotkey | 236 |  | 
| Use ability | 53 |  | 
                1666 total
 » units 
                » upgrades
                » buildings
                
                | Altar of Kings | 1 |  | 
| Barracks | 1 |  | 
| Farm | 4 |  | 
| Lumber Mill | 1 |  | 
| Scout Tower | 10 |  | 
| Guard Tower | 27 |  | 
| Keep | 1 |  | 
| Arcane Vault | 1 |  | 
| Arcane Sanctum | 2 |  | 
                48 total
 » build order
                00:04 Altar of Kings
00:21 Barracks
00:34 Farm
01:03 Farm
01:40 Farm
02:08 Lumber Mill
02:46 Scout Tower
03:01 Scout Tower
03:13 Guard Tower
03:14 Guard Tower
03:15 Scout Tower
03:29 Farm
03:33 Guard Tower
03:33 Guard Tower
04:50 Scout Tower
05:08 Guard Tower
05:08 Guard Tower
05:09 Scout Tower
05:09 Scout Tower
05:26 Keep
05:27 Scout Tower
05:36 Guard Tower
05:36 Guard Tower
05:36 Guard Tower
05:38 Scout Tower
05:39 Guard Tower
05:39 Guard Tower
05:41 Scout Tower
06:08 Guard Tower
06:08 Guard Tower
06:08 Guard Tower
06:14 Guard Tower
06:14 Guard Tower
06:15 Guard Tower
06:23 Guard Tower
06:23 Guard Tower
06:29 Guard Tower
06:30 Guard Tower
07:20 Arcane Vault
07:38 Scout Tower
08:05 Arcane Sanctum
08:06 Arcane Sanctum
» items
                 
               
              
              
p.rower (
pink | 167 APM | 1569 actions | 09:22)
              
 3 Archmage 
 2 Summon Water Elemental
 1 Brilliance Aura
 
                » actions 
                
                | Assign group hotkey | 74 |  | 
| Build / train | 52 |  | 
| ESC pressed | 4 |  | 
| Enter build submenu | 22 |  | 
| Enter hero's abilities submenu | 3 |  | 
| Right click | 780 |  | 
| Select / deselect | 224 |  | 
| Select group hotkey | 329 |  | 
| Use ability | 81 |  | 
                1569 total
 » units 
                » buildings
                
                | Altar of Kings | 1 |  | 
| Barracks | 1 |  | 
| Farm | 4 |  | 
| Lumber Mill | 1 |  | 
| Scout Tower | 15 |  | 
| Guard Tower | 14 |  | 
                36 total
 » build order
                00:04 Altar of Kings
00:18 Barracks
00:33 Farm
01:02 Farm
01:42 Farm
02:14 Lumber Mill
02:54 Scout Tower
02:55 Scout Tower
02:56 Scout Tower
03:24 Guard Tower
03:52 Guard Tower
03:55 Scout Tower
04:15 Farm
04:32 Guard Tower
04:32 Guard Tower
05:11 Scout Tower
05:12 Scout Tower
05:13 Scout Tower
05:41 Guard Tower
05:42 Guard Tower
05:50 Scout Tower
06:58 Scout Tower
07:02 Guard Tower
07:02 Guard Tower
07:28 Scout Tower
07:29 Scout Tower
07:58 Scout Tower
07:59 Scout Tower
08:07 Guard Tower
08:08 Guard Tower
08:26 Guard Tower
08:27 Scout Tower
08:27 Scout Tower
09:12 Guard Tower
 
               
              
              
» 
timg4strok (
teal | 163 APM | 1531 actions | 09:23)
              
 2 Demon Hunter 
 1 Mana Burn
 1 Evasion
 1 Keeper of the Grove 
 1 Entangling Roots
 
                » actions 
                
                | Assign group hotkey | 25 |  | 
| Basic commands | 15 |  | 
| Build / train | 27 |  | 
| Enter build submenu | 14 |  | 
| Enter hero's abilities submenu | 3 |  | 
| Right click | 766 |  | 
| Select / deselect | 126 |  | 
| Select group hotkey | 512 |  | 
| Use ability | 43 |  | 
                1531 total
 » units 
                » buildings
                
                | Altar of Elders | 1 |  | 
| Moon Well | 5 |  | 
| Ancient of War | 4 |  | 
| Tree of Ages | 1 |  | 
| Hunter's Hall | 1 |  | 
| Ancient of Lore | 2 |  | 
| Tree of Eternity | 1 |  | 
                15 total
 » build order
                00:02 Altar of Elders
00:18 Moon Well
00:45 Ancient of War
00:47 Ancient of War
00:52 Ancient of War
01:43 Ancient of War
02:16 Moon Well
03:37 Tree of Ages
04:09 Moon Well
05:59 Hunter's Hall
06:03 Moon Well
08:03 Ancient of Lore
08:04 Ancient of Lore
08:06 Tree of Eternity
08:53 Moon Well
 
               team 2 (loser) 
              
              
CHucHeLo (
green | 129 APM | 1213 actions | 09:22)
              
 2 Death Knight 
 1 Death Coil
 1 Unholy Aura
 1 Lich 
 1 Frost Nova
 
                » actions 
                
                | Assign group hotkey | 36 |  | 
| Build / train | 27 |  | 
| ESC pressed | 1 |  | 
| Enter build submenu | 8 |  | 
| Enter hero's abilities submenu | 3 |  | 
| Right click | 759 |  | 
| Select / deselect | 215 |  | 
| Select group hotkey | 116 |  | 
| Use ability | 48 |  | 
                1213 total
 » units 
                
                | Acolyte | 3 |  | 
| Ghoul | 1 |  | 
| Crypt Fiend | 9 |  | 
                13 total
 » upgrades
                » buildings
                
                | Graveyard | 1 |  | 
| Crypt | 1 |  | 
| Altar of Darkness | 1 |  | 
| Ziggurat | 3 |  | 
| Tomb of Relics | 1 |  | 
| Halls of the Dead | 1 |  | 
| Slaughterhouse | 1 |  | 
                9 total
 » build order
                00:08 Graveyard
00:13 Crypt
00:27 Altar of Darkness
00:38 Ziggurat
00:54 Tomb of Relics
02:05 Ziggurat
04:41 Halls of the Dead
05:45 Ziggurat
07:58 Slaughterhouse
» items
                
                | Rod of Necromancy | 2 |  | 
| Dust of Appearance | 1 |  | 
| Potion of Healing | 2 |  | 
                5 total
  
               
              
              
Flame_Yz (
yellow | 137 APM | 1278 actions | 09:20)
              
 2 Keeper of the Grove 
 1 Entangling Roots
 1 Thorns Aura
 1 Priestess of the Moon 
 1 Trueshot Aura
 
                » actions 
                
                | Assign group hotkey | 41 |  | 
| Basic commands | 94 |  | 
| Build / train | 36 |  | 
| ESC pressed | 10 |  | 
| Enter build submenu | 19 |  | 
| Enter hero's abilities submenu | 3 |  | 
| Right click | 575 |  | 
| Select / deselect | 217 |  | 
| Select group hotkey | 233 |  | 
| Use ability | 50 |  | 
                1278 total
 » units 
                » buildings
                
                | Altar of Elders | 1 |  | 
| Moon Well | 3 |  | 
| Hunter's Hall | 1 |  | 
| Ancient of War | 5 |  | 
| Ancient Protector | 4 |  | 
| Tree of Life | 1 |  | 
                15 total
 » build order
                00:07 Altar of Elders
00:19 Moon Well
01:41 Hunter's Hall
01:44 Ancient of War
01:57 Ancient of War
02:13 Moon Well
03:15 Ancient of War
04:06 Ancient Protector
04:34 Moon Well
05:03 Ancient Protector
05:32 Ancient Protector
06:20 Ancient Protector
07:28 Tree of Life
08:52 Ancient of War
08:55 Ancient of War
 
               
              
              
nX]bRA. (
orange | 121 APM | 616 actions | 05:05)
              
 1 Priestess of the Moon 
 1 Searing Arrows
 
                » actions 
                
                | Assign group hotkey | 15 |  | 
| Basic commands | 40 |  | 
| Build / train | 28 |  | 
| ESC pressed | 9 |  | 
| Enter build submenu | 12 |  | 
| Enter hero's abilities submenu | 1 |  | 
| Right click | 268 |  | 
| Select / deselect | 66 |  | 
| Select group hotkey | 142 |  | 
| Use ability | 35 |  | 
                616 total
 » units 
                » buildings
                
                | Altar of Elders | 1 |  | 
| Moon Well | 4 |  | 
| Ancient of War | 4 |  | 
| Hunter's Hall | 1 |  | 
                10 total
 » build order
                00:08 Altar of Elders
00:18 Moon Well
01:58 Ancient of War
02:00 Hunter's Hall
02:24 Ancient of War
02:32 Moon Well
02:51 Ancient of War
03:16 Moon Well
03:36 Ancient of War
04:07 Moon Well
 
                Chat log
          (00:08 / Allies) timg4strok: aow rushing
(00:10 / Allies) Mata.: mad towers
(00:12 / Allies) Mata.: :D :D :D
(00:14 / Allies) Mata.: scouten too
(00:24 / Allies) Mata.: god this noob shit
(00:28 / Allies) Mata.: i keep rallying my dude on the wrong side of the hall
(00:37 / Allies) timg4strok: owned pwned
(00:41 / Allies) Mata.: lose like 3 sec on rax
(00:46 / Allies) p.rower: i tower bot
(00:48 / Allies) Mata.: they off aow
(00:52 / Allies) Mata.: or mad early scout
(00:58 / Allies) Mata.: we got good pos
(01:13 / Allies) p.rower: early scougt
(01:19 / Allies) Mata.: yeah i think he tried to aow maybe
(01:25 / Allies) timg4strok: nah
(01:27 / Allies) timg4strok: he was right clicked
(01:29 / Allies) timg4strok: on my dude
(01:31 / Allies) timg4strok: to follow block
(01:33 / Allies) Mata.: come on big bucks big bucks
(01:48 / Allies) Mata.: no whammies
(02:05 / Allies) Mata.: sheesh!!!!
(02:43 / Allies) timg4strok: below tol?
(02:43 / Allies) Mata.: drop this sucka like he hot
(02:51 / Allies) timg4strok: burning dh
(04:30 / Allies) timg4strok: brb
(04:35 / Allies) p.rower: how's top
(04:45 / Allies) timg4strok: he got ud herop
(04:46 / Allies) Mata.: yeah i did
(04:48 / All) timg4strok: brb
(04:54 / Allies) timg4strok: ap
(04:56 / Allies) timg4strok: f10 m pow
(04:58 / Allies) Mata.: drop this sucker and i own
(05:05 / Allies) timg4strok: fycjkubn
(05:10 / Allies) Mata.: gg
(06:27 / Allies) Mata.: rock on
(06:31 / Allies) timg4strok: dont let aps get up
(06:33 / Allies) timg4strok: put tow in back
(06:39 / Allies) p.rower: lum
(07:14 / Allies) Mata.: oj just bailed
(07:45 / Allies) p.rower: gj
(08:34 / Allies) Mata.: gonna hit green
(08:57 / Allies) timg4strok: got bears soon
(09:09 / Allies) Mata.: noice